 Dungeon Crawl Stone Soup version 0.17.0-18-gaab0e96 (webtiles) character file.

142 tp1 the Conjurer (level 5, -8/28 HPs)
             Began as a Deep Elf Conjurer on Nov 11, 2015.
             Blown up by an orc priest (10 damage)
             ... with a wand of disintegration
             ... on level 3 of the Dungeon.
             The game lasted 00:12:07 (3739 turns).

tp1 the Conjurer (Deep Elf Conjurer)                Turns: 3739, Time: 00:12:07

Health: -8/28      AC:  3    Str:  5    XL:     5   Next: 4%
Magic:  6/13       EV: 13    Int: 21    God:
Gold:   88         SH:  0    Dex: 15    Spells: 2 memorised, 9 levels left

rFire  . . .     SeeInvis .     i - +2 dagger (holy)
rCold  . . .     Clarity  .     a - +0 robe
rNeg   . . .     SustAt   .     (no shield)
rPois  .         Gourm    .     (no helmet)
rElec  .         Spirit   .     (no cloak)
rCorr  .         Warding  .     r - +0 pair of gloves
rMut   .         Stasis   .     (no boots)
MR     .....                    (no amulet)
Stlth  ++........               (no ring)
                                (no ring)

@: not resistant to hostile enchantments, unstealthy
A: no striking features
a: no special abilities


You were on level 3 of the Dungeon.
You were not hungry.

You visited 1 branch of the dungeon, and saw 3 of its levels.

You collected 88 gold pieces.

Inventory:

Hand Weapons
 f - a +0 dagger
 i - a +2 dagger of holy wrath (weapon)
Armour
 a - a +0 robe (worn)
 r - a +0 pair of gloves (worn)
Scrolls
 e - 2 scrolls of identify {unknown}
 g - 4 scrolls of remove curse {unknown}
 j - a scroll of fog {unknown}
 m - 2 scrolls of blinking {unknown}
 p - a scroll of recharging {unknown}
 q - 2 scrolls of enchant weapon {unknown}
 u - a scroll of teleportation {unknown}
Books
 b - a book of Conjurations

   Spells                             Type                      Level
   a - Magic Dart                     Conjuration                  1
   b - Searing Ray                    Conjuration                  2
   c - Dazzling Spray                 Conjuration/Hexes            3
   d - Fulminant Prism                Conjuration/Hexes            4
   e - Iskenderun's Mystic Blast      Conjuration                  4
   f - Iskenderun's Battlesphere      Conjuration/Charms           5
Comestibles
 c - 2 bread rations
 k - a slice of pizza
 n - 8 chunks of flesh
 t - a meat ration


   Skills:
 - Level 0.1 Fighting
 - Level 3.0 Dodging
 - Level 2.7 Stealth
 + Level 4.0 Spellcasting
 - Level 6.2 Conjurations


You had 9 spell levels left.
You knew the following spells:

 Your Spells              Type           Power        Failure   Level  Hunger
a - Magic Dart            Conj           ####         1%          1    None
b - Searing Ray           Conj           ####..       1%          2    #......


Dungeon Overview and Level Annotations

Branches:
Dungeon (3/15)

Altars:
Makhleb
Ru


Message History

It was a potion of flight.
You feel very buoyant.
You fly up into the air.
The orc priest closely misses you.
Drink which item? (? for menu, Esc to quit)
It was a potion of brilliance.
You feel clever all of a sudden.
Drink which item? (? for menu, Esc to quit)
It was a potion of cancellation.
Your magical effects are unravelling.
Your magical contamination has completely faded away.
You feel magically purged.
You feel yourself slow down.
You feel a little less clever now.
The orc priest hits you but does no damage.
Casting: Searing Ray
Confirm with . or Enter, or press ? or * to list all spells.
Okay, then.
You hit the orc priest but do no damage.
The orc priest is lightly wounded.
You float gracefully downwards.
The orc priest zaps a wand.
You are blasted!
You die...

....# ##.##.# ###.#
#..#.# .<#.# ##.#.#
..#.# ####...#
#.#.#######......######
...............).......
....#######....?.##....
##### #.....?# ...
#.....@# .. ######o.# .
##.# .# .. #.# .. ...


You could see an orc priest.

Vanquished Creatures
  An orc priest (D:3)
  Ijyb (D:3)
  An adder (D:2)
  4 worms
  4 giant geckos
  An orc (D:3)
  A ball python (D:1)
  7 goblins
  3 hobgoblins
  4 jackals (D:1)
  10 kobolds
  2 quokkas (D:3)
  7 bats
  4 giant newts
  11 rats
61 creatures vanquished.

Notes
Turn   | Place    | Note
--------------------------------------------------------------
     0 | D:1      | tp1 the Deep Elf Conjurer began the quest for the Orb.
     0 | D:1      | Reached XP level 1. HP: 10/10 MP: 6/6
   313 | D:1      | Reached XP level 2. HP: 15/15 MP: 1/8
   394 | D:1      | Learned a level 2 spell: Searing Ray
   898 | D:1      | Reached skill level 5 in Conjurations
  1410 | D:1      | Reached XP level 3. HP: 19/19 MP: 8/10
  2022 | D:2      | Found a burning altar of Makhleb.
  2022 | D:2      | Noticed a blizzard demon
  2095 | D:2      | Found a burning altar of Makhleb.
  2254 | D:2      | Found a sacrificial altar of Ru.
  2621 | D:2      | Found a faded altar to an unknown god.
  3013 | D:2      | Found a burning altar of Makhleb.
  3067 | D:2      | Found a faded altar to an unknown god.
  3096 | D:2      | Reached XP level 4. HP: 24/24 MP: 9/12
  3231 | D:2      | Found a burning altar of Makhleb.
  3234 | D:2      | Noticed a hellwing
  3234 | D:2      | Noticed a ynoxinul
  3515 | D:3      | Noticed Ijyb
  3524 | D:3      | Killed Ijyb
  3640 | D:3      | Reached skill level 6 in Conjurations
  3640 | D:3      | Reached XP level 5. HP: 14/28 MP: 8/13
  3739 | D:3      | Blown up by an orc priest

Action                   |  1- 3 |  4- 6 || total
-------------------------+-------+-------++-------
Melee: Unarmed           |     3 |       ||     3
       Dagger            |     6 |     1 ||     7
 Cast: Magic Dart        |    71 |    21 ||    92
       Searing Ray       |     5 |     6 ||    11
  Use: Potion            |       |     6 ||     6
 Stab: Sleeping          |     1 |       ||     1
  Eat: Chunk             |     6 |     3 ||     9
